Map: Dusk Towers

Players

Pokebunny - Winner!

  • Race: Terran Terran
  • League: Grandmaster

GAMETIME

  • Race: Zerg Zerg
  • League: Grandmaster

VOD

Have the link to the VOD?

Description

Time

  • Played on: April 7, 2016, 8:57 p.m.
  • Length: 12:17
Show
View Real Time Build Order
Export as new Build Order

Pokebunny Terran - Winner!

Build Orders: Command Center First (CC), Bio Tank 

Get SALT Encoding   

  12  0:01  SCV  
  13  0:13  SCV  
  14  0:18  Supply Depot  
  14  0:26  SCV  
  15  0:39  SCV  
  16  0:51  SCV  
  17  1:01  Command Center  
  17  1:03  SCV  
  18  1:13  Barracks  
  18  1:17  SCV  
  19  1:24  Refinery  
  19  1:29  SCV  
  20  1:38  Refinery  
  20  1:41  SCV  
  21  1:53  SCV  
  22  2:01  Marine  
  22  2:05  Orbital Command  
  23  2:14  Orbital Command  
  23  2:19  Marine  
  24  2:31  Command Center  
  24  2:35  SCV  
  25  2:41  SCV  
  26  2:45  Factory  
  26  2:48  Barracks Reactor  
  26  2:51  SCV  
  27  2:53  SCV  
  27  2:56  Refinery  
  28  3:03  SCV  
  29  3:05  SCV  
  30  3:14  Barracks  
  30  3:15  Barracks, SCV  
  30  3:17  SCV  
  32  3:33  SCV x2  
  34  3:36  Hellion x2  
  34  3:38  Barracks Tech Lab  
  38  3:45  SCV x2  
  38  3:46  Supply Depot  
  38  3:47  Orbital Command  
  40  3:57  Marine  
  40  3:58  Stimpack  
  40  3:59  Starport  
  40  4:01  Refinery  
  41  4:03  Refinery, Barracks Reactor  
  41  4:04  Barracks Reactor  
  41  4:08  Hellion  
  43  4:11  Hellion  
  43  4:14  SCV  
  47  4:17  SCV x2  
  47  4:18  Marine  
  49  4:26  SCV  
  49  4:29  SCV x2  
  52  4:39  Engineering Bay  
  52  4:40  SCV  
  52  4:41  Engineering Bay, SCV x2  
  52  4:42  Factory Tech Lab, Marine x4  
  52  4:44  Marine  
  60  4:59  Marine  
  60  5:05  Supply Depot  
  61  5:07  Supply Depot  
  61  5:10  Terran Infantry Armor Level 1  
  61  5:12  Terran Infantry Weapons Level 1  
  61  5:19  Supply Depot  
  61  5:20  Marine x5, SCV x3  
  69  5:26  Siege Tank, Medivac x2  
  76  5:33  SCV x2  
  76  5:34  Barracks, SCV  
  79  5:35  Barracks  
  79  5:41  Marine x5  
  84  5:46  SCV x3  
  87  5:50  Refinery  
  87  5:55  Armory  
  87  5:58  SCV x3  
  87  6:00  Siege Tank  
  93  6:19  Marine x2  
  93  6:29  Medivac  
  93  6:30  Marine, Medivac  
  93  6:31  Marine x2  
  87  6:36  Marine x2  
  87  6:37  Siege Tank  
  87  6:48  Marine  
  84  6:58  Marine x3  
  84  7:00  Marine  
  75  7:05  Marine  
  68  7:11  Marine  
  66  7:15  Marine  
  66  7:16  Marine x2  
  62  7:22  Medivac  
  62  7:23  Marine x3, Medivac  
  62  7:24  Terran Infantry Armor Level 2  
  62  7:26  SCV x2  
  67  7:34  SCV  
  67  7:35  Terran Infantry Weapons Level 2, Marine x2  
  69  7:38  SCV x2  
  71  7:47  Siege Tank  
  71  7:49  SCV  
  71  7:50  SCV x2  
  77  7:51  Barracks Reactor x2  
  77  7:55  Supply Depot  
  77  7:56  Marine x3  
  81  7:58  Supply Depot  
  81  8:00  Barracks Tech Lab  
  81  8:03  Medivac x2  
  81  8:04  SCV  
  85  8:12  Supply Depot, SCV  
  85  8:14  SCV  
  85  8:19  Siege Tank  
  76  8:23  Marine  
  76  8:24  Marine  
  76  8:26  Marine x2  
  76  8:27  Marine x2  
  72  8:30  Marine x3  
  70  8:41  Marine x2  
  70  8:44  Marine x3  
  70  8:45  Marine  
  70  8:47  Marine  
  70  8:48  Marine x2  
  68  8:53  Liberator x2  
  65  8:58  SCV x3  
  65  8:59  Marine x2  
  65  9:02  Marine x2  
  72  9:08  Siege Tank  
  79  9:10  Barracks Tech Lab  
  79  9:12  Marine  
  79  9:13  Marine x2  
  79  9:16  SCV x2  
  86  9:17  Bunker  
  86  9:18  SCV  
  78  9:33  Marine  
  78  9:34  Marine  
  78  9:36  Marine x2  
  81  9:42  SCV x2  
  81  9:43  SCV  
  83  9:46  Siege Tank, Marine x4  
  83  9:49  Terran Vehicle Weapons Level 1, Marine  
  83  9:51  Marine x2  
  93  9:54  SCV  
  93  9:55  Supply Depot, SCV x2  
  93  9:57  Supply Depot  
  96  10:00  Combat Shields  
  96  10:01  Marine x2  
  96  10:04  Marine  
  99  10:08  Marauder  
  99  10:09  Supply Depot  
  87  10:22  Marine  
  87  10:23  Marine x5  
  91  10:29  Marauder  
  91  10:31  Marine  
  91  10:32  Marine  
  95  10:40  Marine x2  
  97  10:43  Marine x2  
  97  10:44  Marine  
  97  10:48  Siege Tank  
  103  10:50  Marauder  
  103  10:52  Marine  
  105  11:06  Marine x2  
  105  11:07  Marine x3  
  105  11:08  Marine x2  
  112  11:12  Marauder  
  112  11:17  Marine  
  107  11:21  Siege Tank, Medivac x2  
  107  11:24  Marine x2  
  111  11:33  Marauder  
  111  11:37  Marine x4  
  104  11:47  Marine x3  
  104  11:48  Marine  
  108  11:55  Marine, Marauder  
  108  11:59  Supply Depot x2  
Show
View Real Time Build Order
Export as new Build Order

GAMETIME Zerg 

Build Orders: Hatch First 

Get SALT Encoding   

  12  0:01  Drone  
  13  0:08  Drone  
  14  0:17  Overlord  
  14  0:23  Drone, Extractor  
  15  0:35  Drone x2  
  17  0:51  Hatchery  
  17  0:55  Drone  
  17  0:58  Drone  
  18  1:11  Spawning Pool  
  18  1:14  Drone  
  18  1:18  Drone  
  19  1:37  Hatchery  
  18  1:40  Drone  
  18  1:43  Drone  
  20  1:49  Overlord  
  20  1:59  Queen  
  22  2:08  Queen  
  24  2:11  Zergling x2  
  24  2:14  Drone  
  26  2:16  Drone  
  26  2:19  Drone  
  26  2:21  Drone  
  29  2:25  Drone  
  30  2:31  Drone  
  30  2:34  Queen  
  33  2:39  Overlord  
  33  2:45  Queen  
  33  2:51  Queen  
  37  2:54  Drone  
  37  2:56  Drone  
  37  2:58  Extractor  
  38  3:00  Drone, Extractor  
  38  3:02  Drone  
  38  3:05  Drone  
  39  3:08  Drone x2  
  41  3:15  Drone x3  
  41  3:19  Drone x2  
  46  3:22  Drone  
  46  3:23  Drone  
  46  3:27  Overlord  
  48  3:35  Overlord, Drone  
  48  3:36  Drone  
  48  3:38  Extractor  
  49  3:41  Evolution Chamber  
  49  3:44  Lair  
  49  3:46  Drone  
  49  3:48  Drone  
  50  3:49  Drone  
  50  3:52  Drone  
  50  3:53  Drone  
  50  3:55  Drone  
  54  4:01  Drone  
  54  4:02  Roach Warren  
  54  4:03  Drone  
  54  4:06  Overlord  
  54  4:09  Zerg Missile Weapons Level 1  
  55  4:12  Zergling x2  
  55  4:13  Drone  
  57  4:19  Drone x4  
  57  4:23  Drone x2  
  63  4:25  Overlord  
  63  4:28  Overlord  
  63  4:36  Overlord x3  
  63  4:42  Roach x2  
  63  4:43  Roach  
  69  4:46  Roach  
  69  4:47  Roach  
  69  4:49  Roach  
  69  4:51  Roach  
  77  4:55  Roach x2  
  77  4:57  Roach  
  77  4:58  Roach  
  85  5:00  Glial Reconstitution  
  85  5:04  Overlord  
  85  5:05  Roach  
  85  5:07  Roach  
  89  5:08  Roach  
  89  5:10  Roach  
  89  5:12  Roach  
  89  5:13  Overseer  
  95  5:15  Roach  
  95  5:19  Overlord  
  95  5:20  Roach  
  101  5:21  Roach  
  101  5:23  Roach  
  101  5:27  Roach  
  105  5:29  Roach  
  105  5:33  Overlord  
  105  5:34  Roach, Overlord  
  105  5:35  Overlord  
  109  5:38  Roach  
  109  5:39  Roach  
  109  5:42  Roach  
  115  5:45  Roach  
  115  5:48  Roach  
  119  5:51  Roach  
  119  5:54  Roach  
  125  5:57  Roach  
  125  6:00  Roach  
  125  6:03  Roach  
  129  6:06  Roach  
  129  6:10  Roach, Overlord  
  129  6:11  Overlord x3  
  133  6:12  Roach  
  133  6:15  Roach  
  137  6:20  Roach  
  137  6:23  Roach  
  137  6:25  Roach  
  141  6:28  Roach  
  135  6:34  Roach x2  
  135  6:36  Roach  
  135  6:39  Overlord x2  
  136  6:41  Roach  
  136  6:43  Roach  
  136  6:48  Roach  
  136  6:54  Roach  
  124  6:56  Roach x2  
  124  6:58  Roach  
  122  7:02  Roach  
  122  7:05  Roach  
  116  7:08  Roach  
  116  7:13  Roach x2  
  116  7:14  Zergling x2  
  116  7:15  Zergling x18  
  112  7:23  Roach  
  112  7:26  Roach  
  112  7:27  Roach  
  112  7:36  Extractor  
  112  7:37  Overlord  
  109  7:38  Roach x2  
  107  7:44  Roach  
  107  7:46  Hatchery  
  107  7:48  Roach x2  
  112  7:55  Roach  
  112  7:58  Roach  
  116  7:59  Roach  
  116  8:05  Roach  
  120  8:06  Roach x5, Zergling x2  
  120  8:07  Zergling x4  
  132  8:19  Zergling x2  
  124  8:20  Roach x2  
  124  8:24  Roach  
  124  8:26  Roach x2  
  120  8:32  Roach x2  
  120  8:33  Roach  
  122  8:34  Roach  
  122  8:36  Roach x3  
  122  8:38  Zergling x6  
  133  8:42  Roach  
  133  8:43  Roach  
  133  8:48  Roach x2  
  131  8:54  Roach  
  113  8:56  Roach  
  113  9:00  Roach  
  113  9:01  Roach x4  
  123  9:06  Roach  
  123  9:07  Roach  
  123  9:09  Roach  
  129  9:11  Roach  
  129  9:13  Extractor  
  123  9:25  Roach x3  
  123  9:27  Roach  
  123  9:30  Roach x2  
  123  9:31  Roach x3  
  116  9:33  Roach  
  118  9:38  Roach x2  
  118  9:40  Roach  
  118  9:42  Roach  
  118  9:45  Roach  
  124  9:46  Roach  
  124  9:49  Roach  
  124  9:51  Roach, Extractor  
  124  9:52  Roach  
  131  9:55  Roach  
  131  9:56  Roach  
  131  9:57  Roach  
  131  9:59  Roach  
  139  10:02  Roach  
  139  10:03  Roach  
  139  10:04  Roach  
  136  10:16  Roach x3  
  136  10:17  Roach x3  
  112  10:22  Roach x2  
  112  10:23  Roach x2  
  112  10:25  Roach  
  112  10:26  Roach  
  112  10:28  Roach  
  120  10:36  Metabolic Boost  
  120  10:37  Zergling x2  
  120  10:38  Zergling x20  
  120  10:39  Roach  
  120  10:42  Ravager  
  134  10:46  Roach x2  
  138  10:50  Roach x2  
  138  10:55  Roach  
  146  10:57  Roach  
  146  10:59  Roach  
  146  11:01  Roach  
  146  11:03  Ravager  
  146  11:04  Ravager  
  152  11:05  Roach  
  154  11:16  Roach x3  
  152  11:19  Roach x2  
  152  11:22  Roach  
  152  11:24  Roach  
  157  11:26  Roach  
  157  11:29  Roach  
  155  11:38  Roach x3  
  147  11:45  Roach  
  147  11:47  Roach x2  
  133  11:48  Roach  
  133  11:51  Roach  
  133  11:54  Roach  
  133  11:57  Roach  
Tags
 
Add a new tag
Caveats
  • Supply blocks, unpowered buildings, or Contaminate may cause inaccurate times.
  • Supply counts are checked every 10 seconds.